Mecha, lawful female human Knight --- --- |..| ---- --.--- |..| ---..-- |....--------------- |.-- --.....| ---|....[.............||.. |.| |).....| --..--......--..--.---.--... |.--- |....-- |........................^.. |...|--.--.| --.....---.---........G-..... ---.|...||.------...--- --- |.......'@...)... |....--|...|.|....| |.^*....[...%[<.. --...|----......>- --.......--.)%... |...--.-|...---.-- |-.....-||..--. --.*....|-..---..| |.......|---- |.--...|--.....-- --.......-- |.||..-- --...-- - ---.........--- |.|---- |...| --.---.....----....| |^| --.-----..........| --...| --.|--- -----.......--.-- --.-- |..#..| |......|.----- --- |...|.| |..|..---- ------- ------ Mecha the Bachelor Experience level: 6 Strength: 16 Dexterity: 8 Constitution: 12 Intelligence: 8 Wisdom: 15 Charisma: 17 Health: 0(41) Energy: 54(54) Def: 9 Gold: 296 Moves: 3078 Dungeon seed: N1VniZsmeotgXpPX Game ID: Mecha_1477404863 Your Inventory: Coins $ - 296 gold pieces Amulets h - a cursed amulet of change Weapons a - a corroded +1 long sword (weapon in hand) u - a +0 crossbow v - 6 +0 crossbow bolts (in quiver) w - 10 blessed +3 crossbow bolts Armor e - an uncursed +0 dwarvish cloak (being worn) n - an uncursed +0 dwarvish iron helm (being worn) q - an uncursed +0 small shield (being worn) r - an uncursed +0 pair of leather gloves (being worn) y - an uncursed +0 elven mithril-coat (being worn) Comestibles c - 9 uncursed apples d - 11 uncursed carrots Scrolls f - an uncursed scroll of blank paper t - an uncursed scroll of enchant weapon C - an uncursed scroll of remove curse E - an uncursed scroll of light F - an uncursed scroll of confuse monster H - an uncursed scroll of fire Potions i - a blessed potion of booze j - an uncursed potion of fruit juice m - an uncursed potion of invisibility o - a cursed potion of hallucination z - an uncursed potion of extra healing K - an uncursed potion of monster detection L - an uncursed potion of object detection Wands A - a wand of speed monster (0:7) M - a wand of magic missile (0:7) Tools G - 7 uncursed wax candles (0:400) I - a +0 pick-axe J - an uncursed partly used tallow candle (0:92) N - an uncursed tallow candle (0:200) O - a can of grease (0:19) Spells and supernatural/magical abilities: Name Level Category Fail Memory W - pray for help -- divine ? -- X - turn undead -- divine ? -- Y - supernatural jump -- ability ? -- Your skills at the end: Fighting Skills riding [Basic] Weapon Skills long sword [Skilled] lance [Basic] Spellcasting Skills Final Attributes: You had transgressed. You could jump. You are dead. Vanquished creatures: a gnome king a dwarf lord a mountain nymph 4 Uruk-hai an orc shaman a yellow light 2 shriekers 5 gnome lords a giant ant a little dog a floating eye 7 dwarves 3 acid blobs a gas spore 2 hobbits 2 yellow molds a green mold a red mold 15 gnomes 2 gnome zombies a gecko 7 jackals a fox 2 kobolds a goblin 3 sewer rats 4 grid bugs 2 kobold zombies 7 newts 81 creatures vanquished. Voluntary challenges: You were an atheist. You used a wielded weapon 103 times, starting on turn 43. You read items or engraved 3 times, starting on turn 106. You never genocided any monsters. You never polymorphed an object. You never changed form. You used no wishes. You never split a pudding. You wrote Elbereth's name 2 times, starting on turn 106. You violated your moral code, losing 105 points of alignment, starting on turn 107. Dungeon overview: The Dungeons of Doom: levels 1 to 4 Level 1 a long staircase Level 2 a fountain Level 3 a fountain Level 4 a fountain stairs to The Gnomish Mines The Gnomish Mines: levels 5 to 6 Level 5 stairs to The Dungeons of Doom Level 6 <- You were here History has recorded: On T:1 you entered the Dungeons of Doom to retrieve the Amulet of Yendor! On T:453 you reached level 2 of The Dungeons of Doom. On T:976 you reached level 3 of The Dungeons of Doom. On T:1202 you advanced to experience level 2. On T:1299 you advanced to experience level 3. On T:1349 you reached level 4 of The Dungeons of Doom. On T:1748 you advanced to experience level 4. On T:1959 you reached level 1 of The Gnomish Mines. On T:2124 you advanced to experience level 5. On T:2739 you reached level 2 of The Gnomish Mines. On T:2798 you advanced to experience level 6. Score breakdown: Gold: 296 ( 8411 points) Experience: 6 levels (12456 points) Exploration: 6 levels ( 12.50%) ( 9784 points) Discoveries: 2 items ( 0.81%) ( 2705 points) Valuables value: (no points given unless you survive) Artifact value: 0 ( 0 points) Variety of kills: 29 monsters ( 7.61%) ( 8276 points) Turncount: 3078 turns ( -637 points) Survival: died (score multiplied by 80%) Total score: 32796 Latest messages: The hobbit gets angry! You kill the hobbit! You see here an elven dagger. You displace your pony. You snuff out your candle. You stop running. The sewer rat misses. You kill the sewer rat! You displace your pony. You hear some noises. The dwarf lord wields a dwarvish short sword! The dwarf lord thrusts his dwarvish short sword. The dwarf lord hits! You hit the dwarf lord! (2x) The dwarf lord thrusts his dwarvish short sword. The dwarf lord hits! The dwarf lord thrusts his dwarvish short sword. The dwarf lord hits! You kill the dwarf lord! The rope golem hits! (2x) You die... Final status: Fare thee well Mecha the Knight, killed by a rope golem... You died in The Gnomish Mines on dungeon level 6 with 32796 points, and 296 pieces of gold, after 3078 moves. You were level 6 with a maximum of 41 hit points when you died.